 Dungeon Crawl Stone Soup version 0.27-a0-887-gcab673c142 (webtiles) character file.

Game seed: 1567526373930921139

46 OlloftheSock the Cudgeller (level 3, 0/29 HPs)
             Began as a Human Berserker on Apr 4, 2021.
             Was a Follower of Trog.
             Succumbed to an adder's poison
             ... on level 2 of the Dungeon.
             The game lasted 00:04:18 (1679 turns).

OlloftheSock the Cudgeller (Human Berserker)        Turns: 1679, Time: 00:04:18

Health: 0/29       AC:  2    Str: 18    XL:     3   Next: 92%
Magic:  3/3        EV: 12    Int:  7    God:    Trog [*.....]
Gold:   28         SH:  0    Dex: 12    Spells: 2/2 levels left

rFire    . . .     SeeInvis .   a - +0 mace
rCold    . . .     Faith    .   (no shield)
rNeg     . . .     Spirit   .   b - +0 animal skin
rPois    .         Reflect  .   (no helmet)
rElec    .         Harm     .   (no cloak)
rCorr    .         Rampage  .   (no gloves)
Will     .....                  (no boots)
Stlth    +.........             (no amulet)
HPRegen  0.09/turn              (no ring)
MPRegen  0.08/turn              (no ring)

@: lethally poisoned (0 -> -1)
A: no striking features
a: Renounce Religion, Berserk


You were on level 2 of the Dungeon.
You worshipped Trog.
Trog was aware of your devotion.
You visited 1 branch of the dungeon, and saw 2 of its levels.

You collected 28 gold pieces.

Inventory:

Hand Weapons
 a - a +0 mace (weapon)
Armour
 b - a +0 animal skin (worn)
Jewellery
 g - a ring of protection from cold
Scrolls
 c - 2 scrolls of fear {unknown}
 e - 2 scrolls of identify {unknown}
 f - a scroll of blinking {unknown}
Potions
 d - a potion of brilliance {unknown}


   Skills:
 + Level 3.3 Fighting
 + Level 3.8 Maces & Flails
 + Level 2.2 Armour
 + Level 2.5 Dodging
 + Level 0.1 Stealth


You had 2 spell levels left.
You didn't know any spells.
Your spell library contained the following spells:

 Spells                   Type           Power      Damage    Failure   Level
 Magic Dart               Conj           0%         1d3       43%         1
 Blink                    Tloc           N/A        N/A       56%         2
 Call Imp                 Summ           0%         N/A       56%         2
 Slow                     Hex            0%         N/A       56%         2
 Conjure Flame            Conj/Fire      0%         6-21      80%         3
 Mephitic Cloud           Conj/Pois/Air  0%         N/A       80%         3


Dungeon Overview and Level Annotations

Branches:
Dungeon (2/15)

Altars:


Message History

Things that are here:
a +0 club; a gnoll corpse You see here a giant cockroach corpse.
You start resting.
HP restored.
You see here a giant cockroach corpse.
c - 2 scrolls labelled AGUEKOHOSO (gained 1)
e - 2 scrolls labelled KIOSUPODWI (gained 1)
You open the large door.
There is a large open door here.
Found a leather armour.
A dart slug comes into view.
Found 22 stones.
An adder comes into view.
Found a stone staircase leading down. 2 hobgoblins come into view.
The adder hisses angrily.
The hobgoblin shouts!
Found a stone staircase leading up.
You completely miss the dart slug. You hit the dart slug.
The dart slug is moderately wounded.
The adder barely misses you. The dart slug barely misses you.
The adder bites you. The hobgoblin hits you.
You hit the dart slug.
The dart slug is severely wounded.
The adder bites you. The dart slug bites you. The hobgoblin closely misses you.
The hobgoblin hits you.
You hit the dart slug but do no damage.
The dart slug is severely wounded.
The adder misses you. The dart slug completely misses you.
The hobgoblin misses you. The hobgoblin hits you. The adder bites you.
* * * LOW HITPOINT WARNING * * *
You are poisoned.
The adder poisons you!
You feel sick. The hobgoblin closely misses you.
You feel sick.
You feel sick.
You feel sick. The adder bites you.
* * * LOW HITPOINT WARNING * * *
You die...

#................#
#................# ...
#................#....
##................#....
#.......w.........+....
#......(..........#....
#.....ggS.#............
#.........#........##..
#.....@...#............
#......................
#..............##.......
#..............##.......
#..............##.......
##.......[.....##....##.
###.................##.
#....................
...........


You could see an adder, a dart slug and 2 hobgoblins.

Vanquished Creatures
  A gnoll (D:2)
  A dart slug (D:2)
  4 bats (D:1)
  5 endoplasms (D:1)
  2 giant cockroaches (D:2)
  4 goblins (D:1)
  3 hobgoblins (D:1)
  3 jackals (D:2)
  3 ball pythons
  2 frilled lizards (D:1)
  A rat (D:1)
29 creatures vanquished.

Notes
Turn   | Place    | Note
-------+----------+-------------------------------------------
     0 | D:1      | OlloftheSock the Human Berserker began the quest for the
                  | Orb.
     0 | D:1      | Reached XP level 1. HP: 18/18 MP: 1/1
    67 | D:1      | Reached XP level 2. HP: 17/24 MP: 2/2
   682 | D:1      | Reached XP level 3. HP: 21/29 MP: 3/3
   682 | D:1      | Found a faded altar of an unknown god.
  1678 | D:2      | HP: 1/29 [adder (3)]
  1679 | D:2      | Succumbed to an adder's poison

Illustrated notes

Levels and vault maps discovered:
D:1:      minmay_arrival_jagged, layout_basic, basic_ecumenical_altar,
          chequers_big_river
D:2:      kennysheep_big_flooded_room, layout_basic

Action                   || total
-------------------------++-------
Melee: Mace              ||    92
 Stab: Sleeping          ||     1
Armor: Animal skin       ||    27
Dodge: Dodged            ||    87

Table legend: (Time is in decaauts)
 A = Elapsed time spent in this place.
 B = Non-inter-level travel time spent in this place.
 C = Inter-level travel time spent in this place.
 D = Time resting spent in this place.
 E = Time spent auto-exploring this place.
 F = Levels seen in this place.
 G = Mean time per level.
                   A        B        C        D        E       F      G
               +--------+--------+--------+--------+--------+-----+--------+
         Total |   1709 |   1709 |      0 |    467 |    692 |   2 |  854.5 |
       Dungeon |   1709 |   1709 |      0 |    467 |    692 |   2 |  854.5 |
               +--------+--------+--------+--------+--------+-----+--------+

Top non-repeatable levels by time:
     D:1: 1417 daAuts
     D:2: 292 daAuts
